 Dungeon Crawl Stone Soup version 0.16-a0-3712-g87ae24a (console) character file.

79 MrRokkomies the Sneak (level 4, -8/31 HPs)
             Began as an Octopode Assassin on Jan 20, 2015.
             Killed from afar by a hobgoblin (11 damage)
             ... with a wand of flame
             ... on level 3 of the Dungeon.
             The game lasted 00:04:33 (1663 turns).

MrRokkomies the Sneak (Octopode Assassin)           Turns: 1663, Time: 00:04:33

Health: -8/31      AC:  3    Str: 10    XL:     4   Next: 37%
Magic:  4/4        EV: 11    Int: 14    God:
Gold:   98         SH:  0    Dex: 13    Spells: 0 memorised, 3 levels left

rFire  . . .     SeeInvis .     a - +2 dagger
rCold  . . .     Clarity  .     (no shield)
rNeg   . . .     SustAb   .     (helmet restricted)
rPois  .         Gourm    .     (no amulet)
rElec  .         Spirit   .     c - ring of stealth
rCorr  .         Warding  .     (no ring)
rMut   .         Stasis   .     (no ring)
MR     .....                    (no ring)
Stlth  +++++.....               (no ring)
                                (no ring)
                                (no ring)
                                (no ring)

@: not resistant to hostile enchantments, quite stealthy
A: almost no armour, amphibious, 8 rings, constrict 8, yellow scales 1,
camouflage 1, deformed body, deterioration 1, gelatinous body 1
a: no special abilities


You were on level 3 of the Dungeon.
You were not hungry.

You visited 1 branch of the dungeon, and saw 3 of its levels.

You collected 98 gold pieces.

Inventory:

Hand weapons
 a - a +2 dagger (weapon)
 b - a +0 blowgun
Missiles
 e - 8 poisoned needles
 f - 2 curare-tipped needles
Jewellery
 c - a ring of stealth (left tentacle)
Magical devices
 j - a wand of frost (14)
Potions
 d - a potion of lignification
 i - a potion of agility
 m - a potion of curing {unknown}
 n - a potion of restore abilities {unknown}
Comestibles
 g - 3 bread rations
 h - 3 meat rations


   Skills:
 * Level 3.4 Fighting
 * Level 2.8 Short Blades
 - Level 2.0 Throwing
 - Level 1.0 Dodging
 + Level 5.9 Stealth


You had 3 spell levels left.
You didn't know any spells.

Dungeon Overview and Level Annotations

Branches:
Dungeon (3/15)

Altars:
Vehumet


Innate Abilities, Weirdness & Mutations

You cannot wear most types of armour.
You are amphibious.
You can wear up to eight rings at the same time.
You can use your tentacles to constrict many enemies at once.
Your skin changes colour to match your surroundings (Stealth).
Your rubbery body absorbs attacks (AC +1).
You are partially covered in yellow scales (AC +2).
Your body is misshapen.
Your body is slowly deteriorating.


Message History

The hobgoblin moves out of view.
No target in view!
No target in view!
No target in view!
You see here an adder corpse.
You butcher the adder corpse.
l - a chunk of flesh Eat a chunk of flesh? (ye/n/q/i?) This raw flesh tastes terrible.
The hobgoblin zaps a wand.
The puff of flame hits you!
You continue eating.
The hobgoblin zaps a wand.
The puff of flame hits you!
* * * LOW HITPOINT WARNING * * *
You continue eating.
Drink which item? (? for menu, Esc to quit)
It was a potion of mutation.
You feel extremely strange.
Yellow scales grow over part of your body.
Your body twists and deforms.
You feel yourself wasting away.
The hobgoblin zaps a wand.
The puff of flame hits you!
You die...

#.# #.#
#.# #.#
#.# #.#
#.# #.#
########@#
#....<...#
#...###.##
#.# #g..#
# ...?.#
..#....#
#.. .....#
. ._.#..#
...%..##
.#...# ..#


You could see a hobgoblin.

Vanquished Creatures
  4 adders
  5 giant geckos
  An ooze (D:2)
  5 goblins (D:1)
  6 hobgoblins
  7 kobolds
  4 bats
  A giant cockroach (D:1)
  2 giant newts
  A rat (D:1)
36 creatures vanquished.

Notes
Turn   | Place    | Note
--------------------------------------------------------------
     0 | D:1      | MrRokkomies, the Octopode Assassin, began the quest for the Orb.
     0 | D:1      | Reached XP level 1. HP: 14/14 MP: 1/1
    63 | D:1      | Reached XP level 2. HP: 18/20 MP: 2/2
   342 | D:1      | Reached XP level 3. HP: 25/25 MP: 3/3
  1196 | D:2      | Reached XP level 4. HP: 17/31 MP: 4/4
  1654 | D:3      | Found a radiant altar of Vehumet.
  1663 | D:3      | Gained mutation: You are partially covered in yellow scales (AC +2). [potion of mutation]
  1663 | D:3      | Gained mutation: Your body is misshapen. [potion of mutation]
  1663 | D:3      | Gained mutation: Your body is slowly deteriorating. [potion of mutation]
  1663 | D:3      | Killed from afar by a hobgoblin

Action                   |  1- 3 |  4- 6 || total
-------------------------+-------+-------++-------
Melee: Dagger            |    49 |     3 ||    52
  Use: Scroll            |     3 |     1 ||     4
       Potion            |       |     1 ||     1
 Stab: Sleeping          |    21 |     3 ||    24
  Eat: Pizza             |       |     1 ||     1
       Chunk             |       |     1 ||     1
